 Dungeon Crawl Stone Soup version 0.29-a0-541-gaf1fc19f1b (webtiles) character file.

Game seed: 17098028720095120673

67 Morbidden the Conjurer (level 4, 0/35 HPs)
             Began as a Meteoran Conjurer on June 2, 2022.
             Slain by a gnoll
             ... wielding a +0 whip
              (3 damage)
             ... on level 3 of the Dungeon.
             The game lasted 00:02:35 (992 turns).

Morbidden the Conjurer (Meteoran Conjurer)           Turns: 992, Time: 00:02:35

Health: 0/35       AC:  2    Str:  8    XL:     4   Next: 67%
Magic:  7/9        EV: 12    Int: 21    God:
Gold:   100        SH:  0    Dex: 13    Spells: 5/8 levels left

rFire   . . .      SeeInvis .   a - +0 dagger
rCold   . . .      Faith    .   (no shield)
rNeg    . . .      Spirit   .   g - +0 robe
rPois   .          Reflect  .   (no helmet)
rElec   .          Harm     .   (no cloak)
rCorr   .          Rampage  .   (no gloves)
Will    .....                   (no boots)
Stlth   +.........              (no amulet)
HPRegen 0.11/turn               (no ring)
MPRegen 0.11/turn               (no ring)

@: glowing
A: sense surroundings 1, otherworldly, glowing, explore regen
a: no special abilities


You were on level 3 of the Dungeon.
You visited 1 branch of the dungeon, and saw 3 of its levels.

You collected 100 gold pieces.

Inventory:

Hand Weapons
 a - a +0 dagger (weapon)
Armour
 g - a +0 robe (worn)
Scrolls
 d - a scroll of poison {unknown}
 e - a scroll of identify {unknown}
 f - a scroll of enchant armour {unknown}
 h - a scroll of noise {unknown}
Potions
 b - 2 potions of magic
 c - a potion of mutation {unknown}


   Skills:
 * Level 1.3 Fighting
 * Level 0.1 Short Blades
 * Level 2.7 Dodging
 + Level 1.5 Stealth
 - Level 0.4 Unarmed Combat
 * Level 2.9 Spellcasting
 * Level 6.0 Conjurations


You had 5 spell levels left.
You knew the following spells:

 Your Spells              Type           Power      Damage    Failure   Level
a - Magic Dart            Conj           100%       1d8       1%          1
b - Searing Ray           Conj           56%        2d6       1%          2

Your spell library contained the following spells:

 Spells                   Type           Power      Damage    Failure   Level
 Dazzling Flash           Conj/Hex       30%        N/A       12%         3
 Fulminant Prism          Conj/Hex       7%         3d7       36%         4
 Iskenderun's Mystic Bla  Conj/Tloc      15%        2d5       36%         4


Dungeon Overview and Level Annotations

Branches:
Dungeon (3/15)

Altars:


Innate Abilities, Weirdness & Mutations

You passively map a small area around you.
You are easily found by Zot.
You glow in the dark.
You regain HP and MP as you explore.


Message History

b - 2 potions of magic (gained 1)
Things that are here:
a +0 whip; 28 stones Unknown command.
Found a stone staircase leading up.
A hobgoblin comes into view.
The hobgoblin moves out of view. 2 gnolls come into view.
The gnoll shouts!
A gnoll comes into view. It is wielding a +0 whip.
The gnoll shouts!
A rat comes into view.
The gnoll hits you with a +0 whip. The gnoll hits you with a +0 spear.
Unknown command.
Unknown command.
Casting: Magic Dart (safe; 1% risk of failure)
Confirm with . or Enter, or press ? or * to list all spells.
Aiming: Searing Ray (safe; 1% risk of failure)
Press: ? - help, Shift-Dir - straight line, f - gnoll
Aim: a gnoll, wielding a +0 spear (82% to hit)
The searing ray hits the gnoll.
The gnoll is heavily wounded. (Press . to maintain the ray.)
The gnoll hits you with a +0 whip. The gnoll hits you with a +0 spear!
Unknown command.
Casting: Searing Ray (safe; 1% risk of failure)
Confirm with . or Enter, or press ? or * to list all spells.
Restarting spell: Searing Ray (safe; 1% risk of failure)
Press: ? - help, Shift-Dir - straight line, f/p - gnoll
Aim: a gnoll, wielding a +0 spear (heavily wounded, 82% to hit)
Okay, then.
Unknown command.
The gnoll attacks as you move away! The gnoll hits you with a +0 whip.
* * * LOW HITPOINT WARNING * * *
The hobgoblin hits you.
* * * LOW HITPOINT WARNING * * *
The gnoll hits you from afar with a +0 spear.
* * * LOW HITPOINT WARNING * * *
The gnoll attacks as you move away! The gnoll hits you with a +0 whip.
You die...

....#.......................#
#
............#####...........#
# ..........#...#
#.....##.#### #
....##.##......##.....##.# #
..... ...,
#.........##..######## #.#...
....####.........#......†.
...##.................#^
......#................. *
...<...@...............†
......ggg............... ,
.........g.............# * ,
......r................#
........................ *
......................#.
.#......................
#.......##..### , ,.....##.#
.##


You could see 3 gnolls, a hobgoblin and a rat.

Vanquished Creatures
  An adder (D:3)
  A worm (D:2)
  8 orcs (D:3)
  3 ball pythons
  A bat (D:2)
  2 endoplasms (D:1)
  2 giant cockroaches
  5 goblins
  5 hobgoblins
  3 jackals (D:1)
  3 kobolds
  2 quokkas
  A frilled lizard (D:3)
  4 rats
41 creatures vanquished.

Notes
Turn   | Place    | Note
-------+----------+-------------------------------------------
     0 | D:1      | Morbidden the Meteoran Conjurer began the quest for the
                  | Orb.
     0 | D:1      | Reached XP level 1. HP: 14/14 MP: 5/5
   112 | D:1      | Reached skill level 5 in Conjurations
   112 | D:1      | Reached XP level 2. HP: 22/22 MP: 3/6
   291 | D:1      | Reached skill level 1 in Fighting
   360 | D:2      | Reached XP level 3. HP: 27/28 MP: 4/8
   427 | D:2      | Learned a level 2 spell: Searing Ray
   685 | D:3      | Reached XP level 4. HP: 28/35 MP: 0/9
   891 | D:3      | Reached skill level 6 in Conjurations
   992 | D:3      | Slain by a gnoll

Illustrated notes

Levels and vault maps discovered:
D:1:      psy_arrival_basics, layout_loops_corners,
          shapermc_ecumenical_altar_starsandcircs
D:2:      layout_rooms
D:3:      layout_rooms, guppyfry_early_orc_mine

Skill      XL: |  1  2  3  4 |
---------------+-------------+-----
Conjurations   | 5 6 |  6.0
Fighting       | 1 |  1.3
Short Blades   | |  0.1
Dodging        | |  2.7
Stealth        | |  1.5
Unarmed Combat | |  0.4
Spellcasting   | |  2.9

Action                   |  1- 3 |  4- 6 || total
-------------------------+-------+-------++-------
Melee: Unarmed           |    26 |    12 ||    38
       Dagger            |       |     9 ||     9
 Cast: Magic Dart        |    54 |    19 ||    73
       Searing Ray       |       |     2 ||     2
Armor: Robe              |     9 |     3 ||    12
Dodge: Dodged            |    17 |    13 ||    30

Table legend: (Time is in decaauts)
 A = Elapsed time spent in this place.
 B = Non-inter-level travel time spent in this place.
 C = Inter-level travel time spent in this place.
 D = Time resting spent in this place.
 E = Time spent auto-exploring this place.
 F = Levels seen in this place.
 G = Mean time per level.
                   A        B        C        D        E       F      G
               +--------+--------+--------+--------+--------+-----+--------+
         Total |    991 |    916 |     75 |      0 |    556 |   3 |  330.3 |
       Dungeon |    991 |    916 |     75 |      0 |    556 |   3 |  330.3 |
               +--------+--------+--------+--------+--------+-----+--------+

Top non-repeatable levels by time:
     D:3: 391 daAuts
     D:1: 336 daAuts
     D:2: 263 daAuts
